AoeStats
← Ancrypto

Arabia

510379483Analyzed
2v2 RM · 12h ago on Sep 30, 2026· 41m 52s· 4 players
Game mode
Random Map
Map size
Medium (4 player)
Population
200
Speed
Normal
Resources
Standard
Victory
Conquest
Starting age
Dark Age
Ending age
Imperial Age
RankedLock teamsTeams togetherTeam positionsShared explorationLock speedFull tech treeHidden civsTurbo modeCheats
Victory
Defeat
🇳🇱 Khmer · Netherlands
965
+14
🇳🇱 Vietnamese · Netherlands
723
+39
🇪🇸 Magyars · Spain
904
-19
🇪🇸 Hindustanis · Spain
903
-19
ZeChaos
6:10 Loom
9:11 Feudal Age
9:40 Double-Bit Axe
11:58 Forging
14:30 Horse Collar
19:23 Bloodlines
19:52 Bloodlines
22:51 Castle Age
21:51 Wheelbarrow
22:20 Gold Mining
22:44 Scale Barding Armor
23:45 Husbandry
24:25 Light Cavalry
25:37 Chain Barding Armor
28:15 Iron Casting
28:31 Hand Cart
41:20 Imperial Age
Ancrypto
7:32 Loom
10:22 Feudal Age
9:34 Loom
17:39 Wheelbarrow
24:22 Fletching
24:33 Padded Archer Armor
27:43 Castle Age
29:05 Bodkin Arrow
29:26 Leather Archer Armor
30:20 Crossbowman
37:57 Imperial Age
38:09 Arbalester
la.peligrosa
1:15 Loom
10:58 Feudal Age
18:24 Double-Bit Axe
25:57 Castle Age
24:10 Horse Collar
el.peligroso
0:58 Loom
10:53 Feudal Age
20:54 Castle Age
22:34 Bloodlines
23:31 Light Cavalry
26:11 Scale Barding Armor
26:21 Forging
31:34 Fletching
39:51 Scale Mail Armor
Connection lost

Rejoining the realm…

Still unreachable

The connection could not be restored.

Session expired

The server has moved on; the page needs a fresh start.